 Dungeon Crawl Stone Soup version 0.21-a0-531-gacddea6 (webtiles) character file.

48 mopl the Firebug (level 3, 0/42 HPs)
             Began as a Gnoll Wanderer on Dec 12, 2017.
             Slain by a jackal (1 damage)
             ... on level 2 of the Dungeon.
             The game lasted 00:02:33 (882 turns).

mopl the Firebug (Gnoll Wanderer)                    Turns: 882, Time: 00:02:34

Health: 0/42       AC: 21    Str: 15    XL:     3   Next: 72%
Magic:  9/9        EV:  2    Int: 13    God:
Gold:   26         SH:  0    Dex: 20    Spells: 6/12 levels left

rFire    . . .     SeeInvis .   e - +0 dagger
rCold    . . .     Gourm    .   (no shield)
rNeg     + + +     Faith    .   (armour currently unavailable)
rPois    +         Spirit   .   (helmet currently unavailable)
rElec    .         Reflect  .   (cloak currently unavailable)
rCorr    .         Harm     .   (gloves currently unavailable)
MR       .....     NoTele   +   (boots currently unavailable)
Stlth    +++.......             (no amulet)
HPRegen  0.14/turn              (no ring)
MPRegen  0.11/turn              (no ring)

@: agile, lethally poisoned (0 -> -5), tree-form
A: distributed training, strong nose
a: no special abilities


You were on level 2 of the Dungeon.
You were not hungry.
You were a tree.
You visited 1 branch of the dungeon, and saw 2 of its levels.

You collected 26 gold pieces.

Inventory:

Hand Weapons
 b - a +0 hunting sling
 e - a +0 dagger (weapon)
Missiles
 h - 24 stones (quivered)
 m - 23 arrows
 n - 17 sling bullets
Armour
 d - a +0 robe (melded)
 o - a +0 ring mail
Scrolls
 j - a scroll of fear {unknown}
 k - a scroll of identify {unknown}
 q - a scroll of magic mapping {unknown}
Potions
 i - a potion of agility
Books
 a - a book of Minor Magic

   Spells                             Type                      Level
   a - Magic Dart                     Conjuration                  1
   b - Blink                          Translocation                2
   c - Call Imp                       Summoning                    2
   d - Slow                           Hexes                        2
   e - Conjure Flame                  Conjuration/Fire             3
   f - Mephitic Cloud                 Conjuration/Poison/Air       3
 p - Kikubaaqudgha's Volume of Stolen Souls

   Spells                             Type                      Level
   a - Animate Skeleton               Necromancy                   1
   b - Vampiric Draining              Necromancy                   3
Comestibles
 f - a bread ration
 g - 2 chunks of flesh
 l - a royal jelly


   Skills:
 + Level 2.6 Fighting
 + Level 2.6 Short Blades
 + Level 0.9 Long Blades
 + Level 0.9 Axes
 + Level 0.9 Maces & Flails
 + Level 0.9 Polearms
 + Level 0.9 Staves
 + Level 0.9 Slings
 + Level 0.9 Bows
 + Level 0.9 Crossbows
 + Level 0.9 Throwing
 + Level 0.9 Armour
 + Level 2.6 Dodging
 + Level 0.9 Stealth
 + Level 0.9 Shields
 + Level 0.9 Unarmed Combat
 + Level 5.0 Spellcasting
 + Level 0.6 Conjurations
 + Level 0.6 Hexes
 + Level 0.6 Charms
 + Level 0.6 Summonings
 + Level 0.6 Necromancy
 + Level 0.6 Translocations
 + Level 0.6 Transmutations
 + Level 5.4 Fire Magic
 + Level 0.6 Ice Magic
 + Level 0.6 Air Magic
 + Level 0.6 Earth Magic
 + Level 0.6 Poison Magic
 + Level 1.0 Invocations
 + Level 4.5 Evocations


You had 6 spell levels left.
You knew the following spells:

 Your Spells              Type           Power        Failure   Level  Hunger
c - Conjure Flame         Conj/Fire      ##......     16%         3    ###....
e - Blink                 Tloc           N/A          22%         2    ##.....
x - Animate Skeleton      Necr           N/A          14%         1    None


Dungeon Overview and Level Annotations

Branches:
Dungeon (2/15)

Altars:


Innate Abilities, Weirdness & Mutations

Your experience applies equally to all skills.
((You have very sharp teeth.))
Your uncanny sense of smell can sniff out nearby items.


Message History

You completely miss the adder.
The adder is severely wounded.
The adder bites you but does no damage.
You hit the adder but do no damage.
The adder is severely wounded.
* * * LOW HITPOINT WARNING * * *
You feel sick. The adder bites you but does no damage.
You hit the adder.
The adder is almost dead.
* * * LOW HITPOINT WARNING * * *
You feel sick. The adder bites you but does no damage.
You hit the adder.
You kill the adder!
Your Invocations skill increases to level 1!
You hit the jackal but do no damage.
* * * LOW HITPOINT WARNING * * *
You feel sick.
The jackal bites you but does no damage.
The jackal bites you.
You die...

.. ......
.#..... #.......
....... #.#...
#.#.. #.#.#
#.#♣#
#.#h#######
#..br......
.....[.rK....###
####.........#
#...#.....#
#..###....# ...#
#..... .##.
...###


You could see a jackal, a bat, a kobold and 2 rats.

Vanquished Creatures
  An adder (D:2)
  A dart slug (D:1)
  A leopard gecko (D:1)
  4 bats (D:1)
  3 giant cockroaches (D:1)
  5 goblins (D:1)
  5 hobgoblins (D:1)
  2 jackals (D:2)
  A frilled lizard (D:1)
  5 kobolds (D:1)
  3 rats (D:1)
31 creatures vanquished.

Vanquished Creatures (collateral kills)
  A giant cockroach (D:1)
  A goblin (D:1)
2 creatures vanquished.

Grand Total: 33 creatures vanquished

Notes
Turn   | Place    | Note
-------+----------+-------------------------------------------
     0 | D:1      | mopl the Gnoll Wanderer began the quest for the Orb.
     0 | D:1      | mopl set off with: a book of Minor Magic, Kikubaaqudgha's Volume of Stolen Souls, a potion of lignification {!q}, a +0 robe, a +0 dagger, a bread ration
     0 | D:1      | Reached XP level 1. HP: 17/17 MP: 6/6
     0 | D:1      | Identified Kikubaaqudgha's Volume of Stolen Souls
    53 | D:1      | Learned a level 1 spell: Animate Skeleton
   150 | D:1      | Reached XP level 2. HP: 20/23 MP: 7/7
   209 | D:1      | Learned a level 2 spell: Blink
   381 | D:1      | Reached XP level 3. HP: 23/28 MP: 9/9
   391 | D:1      | Reached skill level 5 in Spellcasting
   618 | D:1      | Learned a level 3 spell: Conjure Flame
   880 | D:2      | HP: 2/42 [poisoned by an adder]
   881 | D:2      | Reached skill level 1 in Invocations
   882 | D:2      | Slain by a jackal

Vault maps used:
D:1:      giann_horns, minmay_quantized
D:2:      evilmike_ruin_ashenzari, nicolae_overflow_hidden_temple,
          overflow_temple_1_default, grunt_temple_overflow_open

Skill      XL: |  1  2  3 |
---------------+----------+-----
Spellcasting   | 5 |  5.0
Invocations    | 1 |  1.0
Fighting       | |  2.6
Short Blades   | |  2.6
Long Blades    | |  0.9
Axes           | |  0.9
Maces & Flails | |  0.9
Polearms       | |  0.9
Staves         | |  0.9
Slings         | |  0.9
Bows           | |  0.9
Crossbows      | |  0.9
Throwing       | |  0.9
Armour         | |  0.9
Dodging        | |  2.6
Stealth        | |  0.9
Shields        | |  0.9
Unarmed Combat | |  0.9
Conjurations   | |  0.6
Hexes          | |  0.6
Charms         | |  0.6
Summonings     | |  0.6
Necromancy     | |  0.6
Translocations | |  0.6
Transmutations | |  0.6
Fire Magic     | |  5.4
Ice Magic      | |  0.6
Air Magic      | |  0.6
Earth Magic    | |  0.6
Poison Magic   | |  0.6
Evocations     | |  4.5

Action                   || total
-------------------------++-------
Melee: Dagger            ||   145
       Bite              ||    13
 Cast: Animate Skeleton  ||    10
  Use: Potion            ||     2
 Stab: Sleeping          ||     8
Armor: Robe              ||    27
       Skin              ||     7
Dodge: Dodged            ||    88

Table legend:
 A = Spawn XP
 B = Non-spawn XP
 C = Spawn XP percentage of total XP
 D = Spawn monster count
 E = Non-spawn monster count
 F = Spawn count percentage of total count
 G = Total turns spent on level
                    A         B        C        D         E        F      G
               +---------+---------+-------+---------+---------+-------+---------
         Total |       0 |      69 |   0.0 |       0 |      33 |   0.0 |   882
               +---------+---------+-------+---------+---------+-------+---------
           D:1 |       0 |      52 |   0.0 |       0 |      30 |   0.0 |   838
           D:2 |       0 |      17 |   0.0 |       0 |       3 |   0.0 |    44
               +---------+---------+-------+---------+---------+-------+---------
